 Dungeon Crawl Stone Soup version 0.20-a0-522-g0b37eee (webtiles) character file.

1292 kae the Carver (level 8, -3/65 HPs)
             Began as a Barachian Fighter on Jan 25, 2017.
             Was an Initiate of Cheibriados.
             Slain by a cyan ugly thing (16 damage)
             ... on level 6 of the Dungeon.
             The game lasted 00:05:03 (5160 turns).

kae the Carver (Barachian Fighter)                  Turns: 5160, Time: 00:05:04

Health: -3/65      AC: 15    Str: 17    XL:     8   Next: 56%
Magic:  8/8        EV:  7    Int:  7    God:    Cheibriados [......]
Gold:   191        SH:  9    Dex: 12    Spells: 7/7 levels left

rFire    . . .     SeeInvis +   a - +0 long sword
rCold    . . .     Gourm    .   b - +0 scale mail
rNeg     . . .     Faith    .   c - +0 shield
rPois    .         Spirit   .   m - +0 helmet
rElec    .         Reflect  .   r - +2 cloak
rCorr    .         Harm     .   h - +2 pair of gloves
MR       +....                  (no boots)
Stlth    ..........             (no amulet)
Regen    0.2/turn               l - ring of see invisible
                                g - ring of protection from magic

@: very slow
A: swims, slowness 1, strong legs 1
a: Hop, Bend Time, Renounce Religion


You were on level 6 of the Dungeon.
You worshipped Cheibriados.
Cheibriados was noncommittal.
You were not hungry.

You visited 2 branches of the dungeon, and saw 7 of its levels.

You collected 191 gold pieces.

Inventory:

Hand Weapons
 a - a +0 long sword (weapon)
 v - a +0 long sword
Armour
 b - a +0 scale mail (worn)
 c - a +0 shield (worn)
 h - a +2 pair of gloves (worn)
 m - a +0 helmet (worn)
 r - a +2 cloak (worn)
Jewellery
 g - a ring of protection from magic (left hand)
 l - a ring of see invisible (right hand)
Scrolls
 s - a scroll of remove curse
 u - a scroll of teleportation
Potions
 d - a potion of might
 e - a potion of heal wounds
 j - a potion of resistance {unknown}
 k - 2 potions of cancellation {unknown}
 n - 2 potions of agility
 q - 2 potions of curing
Comestibles
 f - 8 bread rations
 i - 2 royal jellies
 o - a meat ration
 p - 7 fruits


   Skills:
 + Level 6.3 Fighting
 * Level 8.1 Long Blades
 + Level 6.5 Armour
 - Level 3.0 Shields


You had 7 spell levels left.
You didn't know any spells.

Dungeon Overview and Level Annotations

Branches:
Dungeon (6/15)             Temple (1/1) D:5

Altars:
Ashenzari
Cheibriados
Dithmenos
Elyvilon
Fedhas
Gozag
Hepliaklqana
Kikubaaqudgha
Makhleb
Nemelex Xobeh
Okawaru
Qazlal
Ru
Sif Muna
Trog
Uskayaw
Vehumet
Xom
Yredelemnul
Zin
The Shining One

Shops:
D:6 [[%


Innate Abilities, Weirdness & Mutations

You can swim through water.
You cover ground slowly.
You can hop short distances.


Message History

The centaur hits you but does no damage.
The cyan ugly thing tail-slaps you but does no damage.
Your shield and scale mail prevent you from hitting the centaur.
The centaur is almost dead.
The centaur hits you but does no damage.
The centaur closely misses you.
You riposte.
You slash the centaur!
You kill the centaur!
Cheibriados thoroughly appreciates the change of pace.
Your Long Blades skill increases to level 8!
The cyan ugly thing tail-slaps you! The cyan ugly thing shocks you!
You are too injured to fight recklessly!
A jackal comes into view.
The jackal barks!
You block the jackal's attack. You block the jackal's attack.
The jackal bites you but does no damage.
The cyan ugly thing tail-slaps you!
* * * LOW HITPOINT WARNING * * *
The cyan ugly thing shocks you!
You die...

#...........#..............#####
#...........+...................
#...........#............>......
#...........#...................
#...........######+###..∩.......
######...............#......#...
#.......h.......#..........
#........(h.....#....#.∩.#.
#......##.@u....#..<.......
#......##......>###+#######
#......##....)......
#......##...........
#...................
......##+########.. .$ . .


You could see a cyan ugly thing and 2 jackals.

Vanquished Creatures
  A sky beast (D:4)
  4 ogres
  A phantom (D:5)
  A centaur (D:6)
  A big kobold (D:6)
  A bullfrog (D:4)
  A howler monkey (D:6)
  A hound (D:4)
  2 orc priests (D:5)
  A centaur skeleton (D:5)
  2 iguanas
  4 worker ants
  An orc wizard (D:4)
  A hound zombie (D:6)
  3 gnolls (D:4)
  7 adders
  A shadow imp (D:5)
  3 oozes
  An adder skeleton (D:4)
  3 worms
  3 dart slugs
  2 leopard geckos
  6 orcs
  A giant cockroach (D:2)
  9 goblins
  7 hobgoblins
  6 jackals
  15 kobolds
  2 quokkas
  3 bats
  5 frilled lizards
  8 rats
107 creatures vanquished.

Notes
Turn   | Place    | Note
-------+----------+-------------------------------------------
     0 | D:1      | kae the Barachian Fighter began the quest for the Orb.
     0 | D:1      | Reached XP level 1. HP: 18/18 MP: 1/1
   162 | D:1      | Reached XP level 2. HP: 24/24 MP: 2/2
   315 | D:1      | Reached skill level 3 in Long Blades
   555 | D:2      | Reached XP level 3. HP: 26/29 MP: 3/3
   929 | D:2      | Reached XP level 4. HP: 36/37 MP: 4/4
  1440 | D:3      | Reached skill level 4 in Long Blades
  1733 | D:4      | Reached XP level 5. HP: 36/42 MP: 5/5
  1946 | D:4      | Noticed an ogre
  1960 | D:4      | Killed an ogre
  1960 | D:4      | Reached skill level 5 in Long Blades
  1960 | D:4      | Reached XP level 6. HP: 21/49 MP: 6/6
  2137 | D:4      | Found a bloodstained altar of Trog.
  2143 | D:4      | Found a sparkling altar of Nemelex Xobeh.
  2146 | D:4      | Found an ancient bone altar of Kikubaaqudgha.
  2306 | D:4      | Reached skill level 5 in Armour
  2751 | D:4      | Reached XP level 7. HP: 50/55 MP: 7/7
  2828 | D:5      | Entered Level 5 of the Dungeon
  2847 | D:5      | Reached skill level 5 in Fighting
  3137 | D:4      | Reached skill level 6 in Long Blades
  3589 | D:5      | Found a white marble altar of Elyvilon.
  3883 | D:5      | Reached skill level 7 in Long Blades
  3976 | D:5      | Found a staircase to the Ecumenical Temple.
  4061 | D:5      | Reached XP level 8. HP: 64/64 MP: 8/8
  4140 | Temple   | Entered the Ecumenical Temple
  4362 | Temple   | Became a worshipper of Cheibriados the Contemplative
  4565 | D:6      | Found Macus's Food Emporium.
  4565 | D:6      | Found Xerchequle's Armour Shop.
  5128 | D:6      | Found Serut's Armour Shop.
  5151 | D:6      | Noticed a cyan ugly thing
  5158 | D:6      | Reached skill level 8 in Long Blades
  5160 | D:6      | Slain by a cyan ugly thing

Vault maps used:
D:1:      dpeg_arrival_rhombi
D:4:      grunt_temple_overflow_diamond, first_bread
D:5:      lemuel_temple_firewalk_a, elyvilon_altar_5
D:6:      serial_shops, nicolae_shop_stone, shop, shop_statue, shop, shop,
          st_stairs_7, hangedman_minor_gate_pass, uniq_edmund
Temple:   eino_narrow_crystal_temple

Skill      XL: |  1  2  3  4  5  6  7  8 |
---------------+-------------------------+-----
Long Blades    | 3 4 5 7 8 |  8.1
Armour         | 4 5 6 |  6.5
Fighting       | 4 5 6 |  6.3
Shields        | |  3.0

Action                   |  1- 3 |  4- 6 |  7- 9 || total
-------------------------+-------+-------+-------++-------
Melee: Long sword        |    94 |   201 |   189 ||   484
 Abil: Hop               |       |       |     1 ||     1
  Use: Scroll            |       |     9 |     3 ||    12
       Potion            |       |     1 |     1 ||     2
  Eat: Chunk             |       |     7 |     9 ||    16
Armor: Scale mail        |    50 |    95 |   106 ||   251
Dodge: Dodged            |    23 |    63 |    52 ||   138
Block: Shield            |    66 |    90 |    74 ||   230
       Rpst.: Long sword |     5 |    17 |    17 ||    39
